 Dungeon Crawl Stone Soup version 0.29.1-2-gbd0b4ee654 (webtiles) character file.

Game seed: 3842902376411611697

169 styxcanada the Covert (level 5, -9/26 HPs)
             Began as a Spriggan Brigand on Nov 15, 2022.
             Killed from afar by a white imp (10 damage)
             ... with a puff of frost
             ... on level 3 of the Dungeon.
             The game lasted 00:13:51 (3262 turns).

styxcanada the Covert (Spriggan Brigand)            Turns: 3262, Time: 00:13:52

Health: -9/26      AC:  3    Str:  7    XL:     5   Next: 25%
Magic:  7/7        EV: 19    Int: 13    God:
Gold:   101        SH:  5    Dex: 25    Spells: 5/5 levels left

rFire   . . .      SeeInvis +   k - +0 dagger (venom)
rCold   x . .      Faith    .   (no shield)
rNeg    . . .      Spirit   .   b - +0 robe
rPois   +          Reflect  +   (helmet restricted)
rElec   .          Harm     .   c - +0 cloak
rCorr   +          Rampage  .   (gloves unavailable)
Will    .....                   (boots unavailable)
Stlth   ++++......              q - amulet of reflection
HPRegen 0.08/turn               f - ring of poison resistance
MPRegen 0.10/turn               i - ring of Hobausun {rPois rC- rCorr Dex+7}

@: very quick
A: very small, no large weapons, unfitting armour, see invisible, speed 3
a: no special abilities


You were on level 3 of the Dungeon.
You visited 1 branch of the dungeon, and saw 3 of its levels.

You collected 101 gold pieces.

Inventory:

Hand Weapons
 a - a +2 dagger
 k - a +0 dagger of venom (weapon)
 l - a +0 sling
Missiles
 d - 9 poisoned darts (quivered)
 e - 3 curare-tipped darts
 h - 12 stones
Armour
 b - a +0 robe (worn)
 c - a +0 cloak (worn)
Jewellery
 f - a ring of poison resistance (left hand)
 i - the ring of Hobausun (right hand) {rPois rC- rCorr Dex+7}
   (You acquired it on level 2 of the Dungeon)

   [ring of resist corrosion]

   Dex:       It affects your dexterity (+7).
   rC:        It makes you vulnerable to cold.
   rPois:     It protects you from poison.
   rCorr:     It protects you from acid and corrosion.
 q - an amulet of reflection (around neck)
Scrolls
 g - 2 scrolls of identify
 n - 3 scrolls of teleportation
 s - a scroll of butterflies
Potions
 p - a potion of curing
 r - a potion of cancellation


   Skills:
 * Level 2.1 Fighting
 + Level 3.0 Short Blades
 + Level 0.3 Ranged Weapons
 + Level 2.1 Throwing
 * Level 2.9 Dodging
 * Level 8.2 Stealth
 * Level 0.8 Spellcasting


You had 5 spell levels left.
You didn't know any spells.
Your spell library contained the following spells:

 Spells                   Type           Power      Damage    Failure   Level
 Scorch                   Fire           0%         2d5       41%         2
 Flame Wave               Conj/Fire      0%         2d4       96%         4
 Summon Cactus Giant      Summ           0%         N/A       100%        6


Dungeon Overview and Level Annotations

Branches:
Dungeon (3/15)

Altars:
The Shining One


Innate Abilities, Weirdness & Mutations

You are very small and have problems with some larger weapons.
You are too small for most types of armour.
You have supernaturally acute eyesight. (SInv)
You cover ground extremely quickly. (Speed+++)


Message History

As you read the scroll labelled VEKE QUDGHUNEBI, it crumbles to dust.
You hear the tinkle of a tiny bell.
It was a scroll of butterflies.
As you read the scroll labelled SIZ YGIANGOKOG, it crumbles to dust.
Your body is wracked with pain!
It was a scroll of torment.
You start resting.
Something barely misses your butterfly.
Something closely misses your butterfly.
You start resting.
A ball python comes into view.
A ball python is nearby!
The ball python barely misses your butterfly. x2
You hit the ball python.
You kill the ball python!
You see here a +0 club.
You start resting.
Your butterfly disappears in a burst of colours!
A white imp comes into view.
The white imp shouts, "Return whence thou came, thou infectious dread-bolted lewdster!"
The white imp completely misses you.
You hit the white imp but do no damage. The white imp gestures at you.
The puff of frost hits you!
You feel a terrible chill!
Ouch! That really hurt!
* * * LOW HITPOINT WARNING * * *
You barely miss the white imp. The white imp closely misses you.
You hit the white imp but do no damage. You hit the white imp but do no damage.
You punch the white imp, but do no damage.
The white imp gestures at you. The puff of frost hits you.
You feel a terrible chill!
* * * LOW HITPOINT WARNING * * *
You hit the white imp but do no damage.
The white imp is poisoned.
The white imp gestures at you. The puff of frost misses you.
You barely miss the white imp. The white imp closely misses you.
You hit the white imp.
The white imp is lightly wounded.
The white imp gestures at you. The puff of frost hits you!
You feel a terrible chill!
You die...

*,* *,,,,** **,,**,,* #.# #.
*,********,***,**##..# #.# #.
,,,,,,,,,,*,*,***#...# #.# ##
*,*****,,,,,,,,,,....* #.#######
*,* *,,,,,,,*###...####........
*,*****,,,,,,,##............##~~.
*,*,,,,,,,,,,,,...........##.#≈~~
*,,,,,,,,,,,,,*#5#........#≈≈≈≈~~
***,***,,,,,,,*#@#..####..~≈≈≈≈~.
*,* *,,,,,,,*#.#........†≈≈≈≈..
***,*****,,*,,*#.##..##..≈~≈≈≈#~.
,,,,,,,,,,,,,,*#.###b##.~~~≈≈≈≈~.
**,,******,,*,*#.# #.##.~~~##≈~8[
*,** *,,*,*#.# #b##..~~~≈≈~.<
*,*******,,,,,#.# #)###~~≈~~~~..
*,**,,,,,,,,,,#.###.###~≈≈≈≈≈≈~.
*,**,*****,**,#....b....~≈≈#≈~~.


You could see a white imp (very poisoned).

Vanquished Creatures
  An orc priest (D:3)
  3 adders
  11 dart slugs
  5 orcs (D:3)
  6 ball pythons
  8 endoplasms
  7 giant cockroaches
  7 goblins
  5 hobgoblins
  4 jackals (D:1)
  4 quokkas
  4 bats
  7 frilled lizards
  4 kobolds
  6 rats
82 creatures vanquished.

Notes
Turn   | Place    | Note
-------+----------+-------------------------------------------
     0 | D:1      | styxcanada the Spriggan Brigand began the quest for the
                  | Orb.
     0 | D:1      | Reached XP level 1. HP: 10/10 MP: 2/2
    47 | D:1      | Reached skill level 6 in Stealth
    75 | D:1      | Reached XP level 2. HP: 10/14 MP: 3/3
   987 | D:1      | Reached skill level 7 in Stealth
  1042 | D:1      | Reached XP level 3. HP: 18/18 MP: 4/4
  1327 | D:2      | Found a faded altar of an unknown god.
  1928 | D:2      | Reached XP level 4. HP: 23/23 MP: 5/5
  1960 | D:2      | Identified a scroll of acquirement
  1961 | D:2      | Acquired the ring of Hobausun {rPois rC- rCorr Dex+7}
  2768 | D:3      | Found a glowing golden altar of the Shining One.
  2996 | D:3      | Reached XP level 5. HP: 22/26 MP: 7/7
  3013 | D:3      | Reached skill level 8 in Stealth
  3259 | D:3      | HP: 1/26 [white imp/puff of frost (4)]
  3262 | D:3      | Killed from afar by a white imp

Illustrated notes

Levels and vault maps discovered:
D:1:      matt_arrival_refuge, layout_rooms, chequers_serial_rivers_small_3,
          minmay_worlds_worst_comb
D:2:      layout_basic, ebering_ecumenical_altar_sacrificial,
          minmay_pentomino_pile
D:3:      kennysheep_slugbush, layout_loops_ring, nicolae_tso_carved_into_rock,
          grunt_decor_one_mirror

Skill      XL: |  1  2  3  4  5 |
---------------+----------------+-----
Stealth        | 6 7 8 |  8.2
Dodging        | 2 |  2.9
Fighting       | 2 |  2.1
Short Blades   | 3 |  3.0
Ranged Weapons | |  0.3
Throwing       | |  2.1
Spellcasting   | |  0.8

Action                   |  1- 3 |  4- 6 || total
-------------------------+-------+-------++-------
Melee: Dagger            |   122 |    71 ||   193
       Punch             |     1 |     1 ||     2
 Fire: Sling             |     6 |    23 ||    29
Throw: Dart              |     5 |     1 ||     6
  Use: Scroll            |     1 |     9 ||    10
 Stab: Sleeping          |    14 |     9 ||    23
       Distracted        |     1 |       ||     1
Armor: Robe              |    17 |     5 ||    22
Dodge: Dodged            |    76 |    53 ||   129
Block: Other             |       |     7 ||     7
